 Dungeon Crawl Stone Soup version 0.17-a0-1262-gd250d98 (webtiles) character file.

70 kidanger the Magician (level 4, 0/24 HPs)
             Began as a Deep Elf Wizard on June 6, 2015.
             Killed by divine providence
             ... invoked by an orc priest
              (13 damage)
             ... on level 3 of the Dungeon.
             The game lasted 00:09:30 (1911 turns).

kidanger the Magician (Deep Elf Wizard)             Turns: 1911, Time: 00:09:30

Health: 0/24       AC:  2    Str:  4    XL:     4   Next: 3%
Magic:  3/12       EV: 13    Int: 24    God:
Gold:   85         SH:  0    Dex: 13    Spells: 3 memorised, 9 levels left

rFire  . . .     SeeInvis .     (no weapon)
rCold  . . .     Clarity  .     a - +0 robe
rNeg   + . .     SustAt   +     (no shield)
rPois  .         Gourm    .     b - +0 hat
rElec  .         Spirit   .     (no cloak)
rCorr  .         Warding  .     (no gloves)
rMut   .         Stasis   .     (no boots)
MR     +....                    (no amulet)
Stlth  ++........               m - ring of sustain attributes
                                k - ring of positive energy

@: somewhat resistant to hostile enchantments, unstealthy
A: low mp 1, magic resistance 1, no device heal 1
a: no special abilities


You were on level 3 of the Dungeon.
You were not hungry.

You visited 1 branch of the dungeon, and saw 3 of its levels.

You collected 85 gold pieces.

Inventory:

Armour
 a - a +0 robe (worn)
 b - a +0 hat (worn)
Jewellery
 k - a ring of positive energy (left hand)
 m - a ring of sustain attributes (right hand)
Scrolls
 h - a scroll of teleportation
 j - 3 scrolls of identify
Potions
 i - 2 potions of ambrosia
 n - a potion of cancellation
Books
 c - a book of Minor Magic

   Spells                             Type                      Level
   a - Magic Dart                     Conjuration                  1
   b - Blink                          Translocation                2
   c - Call Imp                       Summoning                    2
   d - Repel Missiles                 Charms/Air                   2
   e - Slow                           Hexes                        2
   f - Conjure Flame                  Conjuration/Fire             3
   g - Mephitic Cloud                 Conjuration/Poison/Air       3
Comestibles
 d - 5 bread rations
 f - a meat ration
 g - 4 chunks of flesh


   Skills:
 + Level 2.6 Dodging
 + Level 3.0 Stealth
 + Level 5.8 Spellcasting
 + Level 2.2 Conjurations
 + Level 1.1 Summonings
 + Level 1.2 Translocations


You had 9 spell levels left.
You knew the following spells:

 Your Spells              Type           Power        Failure   Level  Hunger
a - Magic Dart            Conj           ###.         3%          1    None
b - Call Imp              Summ           ##......     10%         2    None
c - Blink                 Tloc           N/A          10%         2    None


Dungeon Overview and Level Annotations

Branches:
Dungeon (3/15)

Altars:


Innate Abilities, Weirdness & Mutations

Your magical capacity is low (-10% MP).
You are resistant to hostile enchantments.
Potions and wands are less effective at restoring your health.


Message History

Casting: Magic Dart
Confirm with . or Enter, or press ? or * to list all spells.
Aiming: Magic Dart
Press: ? - help, Shift-Dir - straight line, f - orc
Aim: an orc, wielding a trident The magic dart hits the orc.
The orc is severely wounded.
The orc priest glows brightly for a moment.
The orc hits you from afar with a trident!
Casting: Magic Dart
Confirm with . or Enter, or press ? or * to list all spells.
Aiming: Magic Dart
Press: ? - help, Shift-Dir - straight line, f/p - orc
Aim: an orc, wielding a trident (severely wounded)
The magic dart hits the orc.
You kill the orc!
The orc priest mumbles some strange prayers to Beogh against you.
Something smites you!
Ouch! That really hurt!
You die...

#########
#.......#
.##
#.#####<#
#+##... #.#
#### .....#
#.# #..
.....# #.#
#.# .o...#
#.# #.#
o....# #.#
#.####.....#
#.#
#.@.)'o....#
#.#
#.5###....##
#.# #..#
.....#
##.####..#
.....#
#........#
.....#
########.#
.....# #.#
.)#### #.#
..# #.#


You could see an orc priest and a friendly crimson imp.

Vanquished Creatures
  4 adders
  3 worms (D:2)
  An orc (D:3)
  4 bats
  4 goblins
  2 hobgoblins
  A quokka (D:2)
  5 giant cockroaches
  3 giant newts
  3 kobolds
  3 rats
33 creatures vanquished.

Notes
Turn   | Place    | Note
--------------------------------------------------------------
     0 | D:1      | kidanger the Deep Elf Wizard began the quest for the Orb.
     0 | D:1      | Reached XP level 1. HP: 10/10 MP: 7/7
   258 | D:1      | Reached XP level 2. HP: 12/15 MP: 0/9
   635 | D:2      | Reached skill level 5 in Spellcasting
   710 | D:2      | Reached XP level 3. HP: 19/19 MP: 0/11
  1634 | D:2      | Gained mutation: Potions and wands are less effective at restoring your health. [potion of mutation]
  1634 | D:2      | Gained mutation: You are resistant to hostile enchantments. [potion of mutation]
  1634 | D:2      | Gained mutation: Your magical capacity is low (-10% MP). [potion of mutation]
  1781 | D:2      | Learned a level 2 spell: Call Imp
  1784 | D:2      | Learned a level 2 spell: Blink
  1909 | D:3      | Reached XP level 4. HP: 22/24 MP: 5/12
  1911 | D:3      | Killed from afar by an orc priest

Vault maps used:
D:1:      dpeg_arrival_court
D:3:      minmay_misc_feat_cross

Action                   |  1- 3 |  4- 6 || total
-------------------------+-------+-------++-------
 Cast: Magic Dart        |   125 |     3 ||   128
       Blink             |     2 |       ||     2
       Call Imp          |     2 |       ||     2
  Use: Scroll            |     4 |       ||     4
       Potion            |     3 |       ||     3
  Eat: Chunk             |     3 |       ||     3
